[Event "Titled Tuesday Blitz September 27 Early 2022"]
[White "Ovezdurdyyeva, Jemal"]
[Black "Salman, Pavel"]
[WhiteFideId "14001888"]
[BlackFideId "24153753"]
[WhiteElo "1946"]
[BlackElo "2039"]
[Result "0-1"]
[Round "05"]
[TimeControl "180+1"]
[Date "2022.09.27"]
[WhiteClock "0:00:22"]
[BlackClock "0:02:37"]

1. e4 c5 2. Nf3 e6 3. c3 Nf6 4. e5 Nd5 5. d4 cxd4 6. cxd4 b6 7. Nc3 Nxc3 8. bxc3 Qc7 9. Bd2 Be7 10. Bd3 Ba6 11. Qe2 Bxd3 12. Qxd3 O-O 13. O-O Nc6 14. Ng5 Bxg5 15. Bxg5 d6 16. exd6 Qxd6 17. Rfd1 Rac8 18. Rac1 h6 19. Bh4 Na5 20. c4 Qb4 21. c5 bxc5 22. dxc5 Qxh4 23. Qb5 Nc6 24. Rd7 Qg5 25. Rcd1 Ne5 26. Rxa7 Rxc5 27. Qb7 Rc1 28. Rxc1 Qxc1# 0-1


[Site "https://www.chess.com"]

[Event "Titled Tuesday Blitz September 27 Early 2022"]
[White "Paiva, Henrique M A Albergaria"]
[Black "Tarnowska, Aleksandra"]
[WhiteFideId "1920995"]
[BlackFideId "1180967"]
[WhiteElo "1975"]
[BlackElo "1700"]
[Result "1-0"]
[Round "05"]
[TimeControl "180+1"]
[Date "2022.09.27"]
[WhiteClock "0:01:59"]
[BlackClock "0:00:02"]

1. e4 c5 2. Nf3 e6 3. b3 d5 4. exd5 exd5 5. Bb2 Nf6 6. Bb5+ Bd7 7. Bxd7+ Nbxd7 8. O-O Be7 9. Re1 O-O 10. d4 b6 11. Nc3 cxd4 12. Qxd4 Nc5 13. Nxd5 Ne6 14. Nxe7+ Qxe7 15. Qh4 Rac8 16. c4 h6 17. Nd4 Rfd8 18. Nf5 Qc5 19. Nxh6+ gxh6 20. Qxf6 Nd4 21. Re4 Rd6 22. Rg4+ Kf8 23. Qg7+ Ke8 24. Re1+ Kd7 25. Bxd4 Rxd4 26. Qxd4+ 1-0


[Site "https://www.chess.com"]

[Event "Titled Tuesday Blitz September 27 Early 2022"]
[White "Papasimakopoulos, Alexandros"]
[Black "Kollars, Dmitrij"]
[WhiteFideId "4244125"]
[BlackFideId "12909572"]
[WhiteElo "2357"]
[BlackElo "2584"]
[Result "1-0"]
[Round "05"]
[TimeControl "180+1"]
[Date "2022.09.27"]
[WhiteClock "0:00:05"]
[BlackClock "0:00:09"]

1. d4 Nf6 2. c4 e6 3. Nc3 Bb4 4. Qc2 b6 5. a3 Bxc3+ 6. Qxc3 Bb7 7. Bg5 O-O 8. f3 d5 9. e3 Nbd7 10. cxd5 Nxd5 11. Bxd8 Nxc3 12. Bh4 Nd5 13. Bf2 c5 14. Bb5 Rfd8 15. e4 N5f6 16. Ne2 cxd4 17. Bxd4 Rac8 18. Kf2 Nc5 19. Rad1 h6 20. Bxc5 Rxd1 21. Rxd1 Rxc5 22. Rd8+ Kh7 23. Bd3 e5 24. Nc3 Bc6 25. Rc8 Bd7 26. Rxc5 bxc5 27. Bc4 Kg8 28. Ke3 Kf8 29. Kd3 Ke7 30. Ba2 Ne8 31. Kc4 Kd6 32. Nb5+ Bxb5+ 33. Kxb5 Nc7+ 34. Ka5 f6 35. Bc4 Kc6 36. h4 g5 37. h5 Kd6 38. Ka4 Kd7 39. Ka5 Kc6 40. b3 Kd6 41. Bf7 Kd7 42. Bc4 Kc6 43. b4 cxb4 44. axb4 Kd6 45. Bf7 Kd7 46. b5 Ke7 47. Bc4 Kd6 48. b6 axb6+ 49. Kxb6 Ne8 50. Bf7 Ng7 51. g4 Ke7 52. Bd5 Kd7 53. Bf7 Kd6 54. Bg8 Ne8 55. Bf7 Nc7 56. Bc4 Na8+ 57. Kb7 Nc7 58. Kb6 Kd7 59. Bf7 Kd8 60. Kc6 Na6 61. Kd6 Nb4 62. Ke6 Nd3 63. Kxf6 Ne1 64. Kxe5 Ke7 65. Bd5 Nxf3+ 66. Kf5 Nh2 67. e5 Nf1 68. Kg6 Ne3 69. Bf3 Ke6 70. Kxh6 Kxe5 71. Kxg5 Nc4 72. Kg6 Nd6 73. h6 Kf4 74. h7 1-0


[Site "https://www.chess.com"]

[Event "Titled Tuesday Blitz September 27 Early 2022"]
[White "Papp, Levente"]
[Black "Sadilek, Peter"]
[WhiteFideId "751243"]
[BlackFideId "1616439"]
[WhiteElo "2341"]
[BlackElo "2145"]
[Result "1-0"]
[Round "05"]
[TimeControl "180+1"]
[Date "2022.09.27"]
[WhiteClock "0:00:04"]
[BlackClock "0:00:09"]

1. Nf3 Nf6 2. g3 e6 3. Bg2 d5 4. O-O Be7 5. b3 O-O 6. Bb2 c5 7. e3 Nc6 8. c4 b6 9. cxd5 exd5 10. d4 Ba6 11. Re1 Rc8 12. Nc3 c4 13. bxc4 Bxc4 14. Ne5 Na5 15. Qf3 Bb4 16. Rec1 Bxc3 17. Bxc3 b5 18. Bh3 Rb8 19. Bxa5 Qxa5 20. Nc6 Qd2 21. Nxb8 Rxb8 22. Bf1 Ne4 23. Bxc4 bxc4 24. Qf5 Rd8 25. Rf1 g6 26. Qe5 c3 27. Qc7 Re8 28. Qc6 Rd8 29. Qc7 Re8 30. Qd7 Re6 31. Qxd5 c2 32. Qc4 Nc3 33. Kg2 Rf6 34. d5 Nxd5 35. Qd4 Nxe3+ 36. Qxe3 Qxe3 37. fxe3 Re6 38. Rac1 Rxe3 39. Rxc2 Ra3 40. Rf3 f5 41. Rxa3 Kg7 42. Ra6 Kh6 43. Rc7 Kg5 44. h4+ Kg4 45. Ra4+ Kh5 46. Rxh7# 1-0


[Site "https://www.chess.com"]

[Event "Titled Tuesday Blitz September 27 Early 2022"]
[White "Perez Gormaz, Matias"]
[Black "Gu, Xiaobing"]
[WhiteFideId "3406342"]
[BlackFideId "8602611"]
[WhiteElo "2341"]
[BlackElo "2174"]
[Result "0-1"]
[Round "05"]
[TimeControl "180+1"]
[Date "2022.09.27"]
[WhiteClock "0:00:03"]
[BlackClock "0:00:15"]

1. Nf3 Nf6 2. g3 g6 3. b3 Bg7 4. Bb2 d6 5. d4 O-O 6. Bg2 Nbd7 7. O-O e5 8. dxe5 dxe5 9. Nxe5 Ng4 10. Nd3 Bxb2 11. Nxb2 Qf6 12. Qc1 Nc5 13. Nd2 Bf5 14. Nd3 Ne6 15. Bxb7 Nd4 16. Qd1 Rad8 17. Bg2 Rfe8 18. e4 Bc8 19. Rc1 Ne5 20. Nxe5 Qxe5 21. c3 Ne6 22. Qe2 Nc5 23. Nc4 Qe7 24. Rcd1 Ba6 25. Rfe1 Rxd1 26. Rxd1 Nxe4 27. Bxe4 Qxe4 28. Qxe4 Rxe4 29. Ne3 Kg7 30. Rd7 Re6 31. Rxc7 Rd6 32. Rxa7 Bc8 33. Kf1 Rd2 34. h4 h5 35. Ke1 Rb2 36. c4 Kf6 37. c5 Ke5 38. Rxf7 Ke4 39. Kd1 Kd3 40. Kc1 Rxa2 41. b4 Kc3 42. Nd1+ Kb3 43. Rf3+ Kxb4 44. c6 Bg4 45. Rf4+ Kb3 46. c7 Rc2+ 47. Kb1 Bxd1 48. Rf6 Rxc7 49. Rxg6 Bc2+ 50. Kc1 Bxg6+ 0-1


[Site "https://www.chess.com"]

[Event "Titled Tuesday Blitz September 27 Early 2022"]
[White "Petrosyan, Manuel"]
[Black "Malek, Jan"]
[WhiteFideId "13300857"]
[BlackFideId "21864080"]
[WhiteElo "2858"]
[BlackElo "2686"]
[Result "1-0"]
[Round "05"]
[TimeControl "180+1"]
[Date "2022.09.27"]
[WhiteClock "0:00:24"]
[BlackClock "0:00:02"]

1. e4 c6 2. Nf3 d5 3. d3 dxe4 4. dxe4 Qxd1+ 5. Kxd1 Nf6 6. Nfd2 g5 7. Bd3 h5 8. Nc4 Rg8 9. a4 Nbd7 10. Ke2 Nc5 11. Nc3 Be6 12. Ne5 O-O-O 13. Be3 Nxd3 14. Nxd3 Kb8 15. Rhd1 Ng4 16. Nc5 Bc4+ 17. Ke1 Rxd1+ 18. Rxd1 Nxe3 19. fxe3 Kc8 20. Rd4 Be6 21. Nxe6 fxe6 22. e5 Bg7 23. Re4 Rf8 24. b3 Rf5 25. h3 Rxe5 26. Rxe5 Bxe5 27. Ne4 Bf6 28. Nc5 e5 29. g4 hxg4 30. hxg4 b6 31. Ne4 Kd7 32. Ke2 Ke6 33. Kd3 Kd5 34. Nc3+ Kc5 35. Na2 a5 36. Ke4 b5 37. Kd3 e6 38. axb5 cxb5 39. b4+ axb4 40. e4 Be7 41. Nc1 Kb6 42. Nb3 Bc5 43. Nd2 Bd4 44. Nf3 Kc6 45. Nxg5 Kd6 46. Nf3 Bc3 47. Ke2 Ke7 48. Kd1 Kf6 49. Ke2 Kg6 50. Kf2 Kf6 51. Kg3 Kg6 52. Kh4 Bd4 53. g5 Bc3 54. Kg4 Bd4 55. Nh4+ Kg7 56. Kh5 Be3 57. Nf3 Bf4 58. Ne1 Bd2 59. Nd3 Bc3 60. Nc5 Kf7 61. g6+ Kf6 62. Kh6 1-0


[Site "https://www.chess.com"]

[Event "Titled Tuesday Blitz September 27 Early 2022"]
[White "Pham, Khoi"]
[Black "Adewumi, Tanitoluwa"]
[WhiteFideId "1054988"]
[BlackFideId "30966396"]
[WhiteElo "2441"]
[BlackElo "2590"]
[Result "1-0"]
[Round "05"]
[TimeControl "180+1"]
[Date "2022.09.27"]
[WhiteClock "0:01:31"]
[BlackClock "0:00:01"]

1. e4 c5 2. Nf3 e6 3. c3 Nf6 4. e5 Nd5 5. d4 cxd4 6. cxd4 b6 7. Nc3 Nxc3 8. bxc3 Ba6 9. Bxa6 Nxa6 10. O-O Qc8 11. Qd3 Be7 12. Bg5 f6 13. exf6 gxf6 14. Bh6 Kf7 15. c4 Nb4 16. Qb3 d5 17. Rac1 Qd7 18. Rfe1 dxc4 19. Rxc4 Nd5 20. Nh4 Rhg8 21. Qf3 Rg6 22. Nxg6 hxg6 23. h4 b5 24. Rc2 Rh8 25. Bg5 Kg7 26. Bc1 Rxh4 27. Rce2 Kf7 28. Qg3 g5 29. Qf3 1-0


[Site "https://www.chess.com"]

[Event "Titled Tuesday Blitz September 27 Early 2022"]
[White "Piesik, Piotr"]
[Black "Bilan, Danila"]
[WhiteFideId "1136194"]
[BlackFideId "24161918"]
[WhiteElo "2221"]
[BlackElo "2164"]
[Result "0-1"]
[Round "05"]
[TimeControl "180+1"]
[Date "2022.09.27"]
[WhiteClock "0:00:12"]
[BlackClock "0:00:31"]

1. Nf3 d5 2. g3 Nf6 3. Bg2 c5 4. O-O Nc6 5. d3 Bg4 6. Nbd2 e6 7. e4 Be7 8. h3 Bh5 9. c3 O-O 10. Qc2 Qc7 11. Re1 Rad8 12. Nf1 Rfe8 13. Bf4 Qb6 14. e5 Nd7 15. g4 Bg6 16. Ng3 c4 17. Qd2 Bxd3 18. Bg5 Bxg5 19. Qxg5 Qxb2 20. h4 Qxc3 21. Nh5 Bg6 22. Nxg7 Kxg7 23. h5 Qa3 24. Re3 Qe7 25. Qf4 Nc5 26. hxg6 hxg6 27. Bf1 d4 28. Ra3 b5 29. Ng5 d3 30. Bg2 Nd4 31. Kf1 Nc2 32. Rxa7 Qxa7 33. Qf6+ Kg8 34. Bc6 Qe7 35. Bxe8 Qxf6 36. exf6 Rxe8 0-1


[Site "https://www.chess.com"]

[Event "Titled Tuesday Blitz September 27 Early 2022"]
[White "Pinero Rodriguez, Carlos Jose"]
[Black "Schill, William"]
[WhiteFideId "3901726"]
[BlackFideId "2016710"]
[WhiteElo "2053"]
[BlackElo "1935"]
[Result "0-1"]
[Round "05"]
[TimeControl "180+1"]
[Date "2022.09.27"]
[WhiteClock "0:00:02"]
[BlackClock "0:00:15"]

1. e4 c5 2. Nf3 Nc6 3. Bb5 g6 4. O-O Bg7 5. c3 Nf6 6. d4 cxd4 7. cxd4 d5 8. e5 Ne4 9. Nc3 Nxc3 10. bxc3 Bg4 11. h3 Bxf3 12. Qxf3 O-O 13. Rb1 Na5 14. Ba3 Rc8 15. Rfe1 Rc7 16. Bb4 Nc4 17. Qe2 b6 18. e6 f6 19. Ba6 Bh6 20. a4 Bf4 21. Qf3 Bh6 22. a5 Nd2 23. Qd3 Nxb1 24. Rxb1 Bf4 25. axb6 axb6 0-1


[Site "https://www.chess.com"]

[Event "Titled Tuesday Blitz September 27 Early 2022"]
[White "Pinheiro, Iung Alicio de O."]
[Black "Baskakov, Egor"]
[WhiteFideId "2104350"]
[BlackFideId "24197866"]
[WhiteElo "2283"]
[BlackElo "2211"]
[Result "0-1"]
[Round "05"]
[TimeControl "180+1"]
[Date "2022.09.27"]
[WhiteClock "0:00:01"]
[BlackClock "0:00:06"]

1. e4 c5 2. Nf3 Nf6 3. e5 Nd5 4. Nc3 e6 5. Bc4 Nb6 6. d3 Nc6 7. Bf4 d5 8. Bb5 Bd7 9. h4 h6 10. h5 Nd4 11. a4 Bxb5 12. Nxb5 Nxb5 13. axb5 Qd7 14. Ra5 Be7 15. Rh3 a6 16. Qa1 O-O 17. bxa6 Rxa6 18. Rxa6 bxa6 19. Qxa6 Qc6 20. Qa1 Ra8 21. Qc1 Bf8 22. Rg3 Kh8 23. Nh2 Ra4 24. Ng4 Qa8 25. Ke2 Ra1 26. Qd2 Rh1 27. Bxh6 Qa1 28. Bf4 Qf1+ 29. Kf3 Rxh5 30. c3 d4 31. c4 Be7 32. Qe2 Qh1 33. Qe4 g5 34. Bd2 Qd1+ 35. Qe2 Qb3 36. Qe4 Nxc4 37. Bc1 Qd1+ 38. Qe2 Qxc1 39. dxc4 Qb1 40. Qe4 Qd1+ 41. Qe2 Qb3+ 42. Ke4 Qb7+ 43. Kd3 Kg7 44. Nf6 Rh8 45. Rxg5+ Kf8 46. Qg4 Bxf6 47. exf6 Qb3+ 48. Ke4 Qc2+ 49. Ke5 Qxc4 0-1


[Site "https://www.chess.com"]

[Event "Titled Tuesday Blitz September 27 Early 2022"]
[White "Priasmoro, Novendra"]
[Black "Lewtak, Damian"]
[WhiteFideId "7105029"]
[BlackFideId "1141724"]
[WhiteElo "2754"]
[BlackElo "2594"]
[Result "0-1"]
[Round "05"]
[TimeControl "180+1"]
[Date "2022.09.27"]
[WhiteClock "0:00:02"]
[BlackClock "0:00:58"]

1. e4 c5 2. Nf3 d6 3. d4 cxd4 4. Nxd4 Nf6 5. Nc3 Nc6 6. Bg5 e6 7. Qd2 a6 8. O-O-O Bd7 9. f4 b5 10. Bxf6 gxf6 11. Nxc6 Bxc6 12. Bd3 Qb6 13. Kb1 b4 14. Ne2 Qc5 15. f5 e5 16. Ng3 h5 17. h4 a5 18. Qe2 a4 19. Bc4 Ke7 20. b3 Bh6 21. Nxh5 axb3 22. cxb3 Be3 23. Bd5 Bxd5 24. Rxd5 Qa7 25. g4 Bd4 26. Rd1 Qa3 27. Rb5 Rhc8 28. Rb7+ Kf8 29. Qd3 Qb2# 0-1


[Site "https://www.chess.com"]

[Event "Titled Tuesday Blitz September 27 Early 2022"]
[White "Principe, Gerson"]
[Black "Al Hosani, Omran"]
[WhiteFideId "3804550"]
[BlackFideId "9308733"]
[WhiteElo "2280"]
[BlackElo "2167"]
[Result "1-0"]
[Round "05"]
[TimeControl "180+1"]
[Date "2022.09.27"]
[WhiteClock "0:00:38"]
[BlackClock "0:00:10"]

1. Nf3 Nf6 2. b3 e6 3. Bb2 d5 4. g3 c5 5. Bg2 Nc6 6. O-O Be7 7. e3 O-O 8. d4 b6 9. Nbd2 Bb7 10. c4 Rc8 11. Rc1 Nb4 12. Qe2 Nxa2 13. Ra1 Nb4 14. Rxa7 Qc7 15. Rfa1 Ra8 16. Rxa8 Rxa8 17. Rxa8+ Bxa8 18. Bc3 Na2 19. Bb2 h6 20. Ne5 Nb4 21. Bc3 Nd7 22. Nxd7 Qxd7 23. Bxb4 cxb4 24. Qd3 dxc4 25. Nxc4 Bxg2 26. Kxg2 Qc6+ 27. Kg1 b5 28. Ne5 Qb7 29. e4 Bf8 30. d5 exd5 31. exd5 Bc5 32. d6 Bb6 33. d7 Qc7 34. Qd5 Kf8 35. Qxf7# 1-0


[Site "https://www.chess.com"]

[Event "Titled Tuesday Blitz September 27 Early 2022"]
[White "Raja Rithvik R"]
[Black "Diaz Perez, Michel Alejandro"]
[WhiteFideId "35007394"]
[BlackFideId "3517179"]
[WhiteElo "2255"]
[BlackElo "2313"]
[Result "1-0"]
[Round "05"]
[TimeControl "180+1"]
[Date "2022.09.27"]
[WhiteClock "0:02:11"]
[BlackClock "0:00:31"]

1. c4 Nf6 2. Nc3 d6 3. d4 Nbd7 4. Nf3 e5 5. g3 Be7 6. Bg2 O-O 7. O-O c6 8. e4 Re8 9. h3 Bf8 10. Be3 a6 11. a4 a5 12. Qc2 exd4 13. Nxd4 Nc5 14. Rad1 Qc7 15. Rfe1 g6 16. f4 Bg7 17. Ndb5 cxb5 18. Nxb5 Qe7 19. Nxd6 Na6 20. Nxe8 Qxe8 21. e5 Bf5 22. Qb3 Nd7 23. Qxb7 Rb8 24. Qxa6 Rxb2 25. Qa8 Qxa8 26. Bxa8 Bxh3 27. Bc6 Nf8 28. c5 Ne6 29. Bd7 Rg2+ 30. Kh1 Rxg3 31. c6 Bg4 32. Bxe6 Bxd1 33. Rxd1 1-0


[Site "https://www.chess.com"]

[Event "Titled Tuesday Blitz September 27 Early 2022"]
[White "Rama, Tejas"]
[Black "Aqib Javaid Butt"]
[WhiteFideId "30907381"]
[BlackFideId "7801262"]
[WhiteElo "1513"]
[BlackElo "1634"]
[Result "1-0"]
[Round "05"]
[TimeControl "180+1"]
[Date "2022.09.27"]
[WhiteClock "0:00:05"]
[BlackClock "0:00:04"]

1. d4 Nf6 2. c4 b6 3. Nc3 Bb7 4. a3 e6 5. d5 exd5 6. cxd5 Be7 7. Nf3 O-O 8. g3 Re8 9. Bg2 c5 10. O-O d6 11. Nd2 Bf8 12. Nc4 Nbd7 13. Re1 a6 14. a4 Ne5 15. Ne3 Qd7 16. Qb3 Rab8 17. f4 Neg4 18. Nc4 b5 19. axb5 axb5 20. Qxb5 Qxb5 21. Nxb5 Bxd5 22. Bxd5 Nxd5 23. Nbxd6 Bxd6 24. Nxd6 Red8 25. Nc4 Nb4 26. Ra5 Nc2 27. Rf1 Rdc8 28. e4 Rb3 29. Kg2 Nce3+ 30. Nxe3 Nxe3+ 31. Bxe3 Rxe3 32. Rc1 Rxe4 33. Rcxc5 Rce8 34. Re5 R4xe5 35. Rxe5 Rxe5 36. fxe5 Kf8 37. Kf3 Ke7 38. Ke4 Ke6 39. g4 h6 40. b4 g6 41. b5 f6 42. b6 f5+ 43. gxf5+ gxf5+ 44. Kf4 Kd7 45. e6+ 1-0


[Site "https://www.chess.com"]

[Event "Titled Tuesday Blitz September 27 Early 2022"]
[White "Ravi, Teja S."]
[Black "Aizpurua, Patrick Emilio"]
[WhiteFideId "5017220"]
[BlackFideId "6600522"]
[WhiteElo "2771"]
[BlackElo "2601"]
[Result "1-0"]
[Round "05"]
[TimeControl "180+1"]
[Date "2022.09.27"]
[WhiteClock "0:01:55"]
[BlackClock "0:00:34"]

1. d4 d5 2. Nf3 c6 3. c4 Nf6 4. e3 a6 5. Bd3 Bg4 6. Nbd2 e6 7. Qc2 Bxf3 8. Nxf3 Nbd7 9. O-O Bd6 10. b3 O-O 11. Bb2 Re8 12. Ne5 Nf8 13. f4 dxc4 14. bxc4 c5 15. Rab1 Rc8 16. Qe2 g6 17. Rbd1 Qc7 18. Qf3 cxd4 19. exd4 N8d7 20. Kh1 Bf8 21. Rb1 Bg7 22. Rfc1 b6 23. Ba3 Bf8 24. Bb2 Bg7 25. Bc3 Red8 26. a4 Nb8 27. a5 Nbd7 28. axb6 Nxb6 29. Ba5 Rb8 30. c5 Rdc8 31. Bxb6 Qe7 32. Nc6 1-0


[Site "https://www.chess.com"]

[Event "Titled Tuesday Blitz September 27 Early 2022"]
[White "Reyes, Narquingden"]
[Black "Narayanan, Srinath"]
[WhiteFideId "5217334"]
[BlackFideId "5018420"]
[WhiteElo "2625"]
[BlackElo "2802"]
[Result "1-0"]
[Round "05"]
[TimeControl "180+1"]
[Date "2022.09.27"]
[WhiteClock "0:00:02"]
[BlackClock "0:00:03"]

1. d4 f5 2. Nf3 Nf6 3. Bf4 g6 4. c4 Bg7 5. Nc3 O-O 6. e3 d6 7. h3 Nbd7 8. Be2 b6 9. O-O Bb7 10. Rc1 Ne4 11. Nxe4 fxe4 12. Nd2 e5 13. dxe5 Nxe5 14. Qc2 Nd3 15. Bxd3 exd3 16. Qb3 Kh8 17. Rb1 d5 18. Qxd3 dxc4 19. Qxd8 Rfxd8 20. Nxc4 Be4 21. Rbd1 Bd3 22. Bxc7 Bxf1 23. Bxd8 Bxc4 24. b3 Be6 25. e4 Rc8 26. f4 Kg8 27. g4 Rc2 28. f5 gxf5 29. gxf5 Bf7 30. f6 Bh6 31. Be7 Bd2 32. e5 Be6 33. Kf2 Bb4+ 34. Ke3 Bxe7 35. Rg1+ Kf8 36. fxe7+ Kxe7 37. Rg7+ Bf7 38. Rxh7 Rxa2 39. h4 Ra3 40. h5 Rxb3+ 41. Kf4 Rh3 42. h6 a5 43. Kg5 a4 44. Rh8 a3 45. Ra8 a2 46. Ra7+ Ke8 47. Ra8+ Kd7 48. Ra7+ Kc6 49. Kf6 Bd5 50. Kg7 Rg3+ 51. Kf6 Rf3+ 52. Kg7 Rf7+ 53. Rxf7 a1=Q 54. Rf6+ Kc5 55. h7 Qg1+ 56. Rg6 Qe3 57. h8=Q Qxe5+ 58. Kh7 Qh5+ 59. Kg7 Qe5+ 60. Kh7 Qf5 61. Kg7 Be4 62. Rf6 Qd7+ 63. Rf7 Qg4+ 64. Kf8 Qc8+ 65. Kg7 Qe6 66. Qh5+ Bd5 67. Rf5 b5 68. Re5 Qd7+ 69. Kf6 1-0


[Site "https://www.chess.com"]

[Event "Titled Tuesday Blitz September 27 Early 2022"]
[White "Ribeiro, Matheus Mendes Domingues"]
[Black "Rios Escobar, Adan"]
[WhiteFideId "324226923"]
[BlackFideId "3403645"]
[WhiteElo "2047"]
[BlackElo "2331"]
[Result "1-0"]
[Round "05"]
[TimeControl "180+1"]
[Date "2022.09.27"]
[WhiteClock "0:01:58"]
[BlackClock "0:00:13"]

1. c4 Nf6 2. Nc3 g6 3. e4 d6 4. d4 Bg7 5. h3 O-O 6. Be3 Nc6 7. Nf3 e5 8. d5 Nd4 9. Nxd4 exd4 10. Bxd4 Re8 11. Bd3 Nxe4 12. Bxe4 Bf5 13. Bxg7 Bxe4 14. O-O Kxg7 15. Re1 Bf5 16. Rxe8 Qxe8 17. Qd4+ f6 18. Kf1 Qe5 19. Qxe5 fxe5 20. Ke2 a6 21. b4 Bd7 22. Ke3 Rf8 23. Ne4 h6 24. c5 Bf5 25. f3 Bxe4 26. fxe4 Kf7 27. Rf1+ Ke7 28. Rxf8 Kxf8 29. Kd3 Ke7 30. Kc4 Kd7 31. a4 g5 32. a5 h5 33. b5 axb5+ 34. Kxb5 dxc5 35. Kxc5 Ke7 36. d6+ cxd6+ 37. Kb6 d5 38. exd5 e4 39. Kc7 e3 40. d6+ Kf7 41. d7 e2 42. d8=Q e1=Q 43. Qxg5 h4 44. Qf5+ Kg7 45. Kxb7 Qb4+ 46. Ka6 Qc4+ 47. Qb5 Qe4 48. Qb7+ Qxb7+ 49. Kxb7 Kf6 50. a6 Ke5 51. a7 Kf4 52. a8=Q Kg3 53. Qg8+ Kh2 54. g4 hxg3 55. h4 Kh3 56. h5 g2 57. h6 Kh2 58. h7 Kg1 59. h8=Q Kf1 60. Qa1+ Kf2 61. Qaa2+ Kf3 62. Qgxg2+ Kf4 63. Qae2 Kf5 64. Qee4+ Kf6 65. Qgg4 Kf7 66. Qee6+ Kf8 67. Qg7+ Kxg7 68. Qf5 Kg8 69. Qf6 Kh7 70. Qg5 Kh8 71. Kc7 Kh7 72. Kd7 Kh8 73. Ke7 Kh7 74. Kf7 Kh8 75. Qg7# 1-0


[Site "https://www.chess.com"]

[Event "Titled Tuesday Blitz September 27 Early 2022"]
[White "Roque Sola, Gisela"]
[Black "Ansh M Shah"]
[WhiteFideId "5120241"]
[BlackFideId "25033379"]
[WhiteElo "1845"]
[BlackElo "1819"]
[Result "1-0"]
[Round "05"]
[TimeControl "180+1"]
[Date "2022.09.27"]
[WhiteClock "0:00:34"]
[BlackClock "0:00:05"]

1. e4 c6 2. d4 d5 3. e5 Bf5 4. Be2 e6 5. Nf3 c5 6. O-O Ne7 7. c4 Nbc6 8. dxc5 Ng6 9. cxd5 Qxd5 10. Qxd5 exd5 11. Nc3 O-O-O 12. Be3 d4 13. Bg5 dxc3 14. Bxd8 cxb2 15. Rad1 Nxd8 16. Bd3 Bxd3 17. Rxd3 Bxc5 18. Rb1 Nc6 19. Rxb2 b6 20. Re2 Rd8 21. Rxd8+ Kxd8 22. g3 Ke7 23. Kg2 Nf8 24. Ng5 h6 25. Ne4 Nd7 26. f4 a5 27. Rc2 f6 28. exf6+ Nxf6 29. Nxc5 bxc5 30. Rxc5 Kd6 31. Rb5 Nd5 32. Kf2 Nc3 33. Rb7 g5 34. fxg5 hxg5 35. Rg7 Nb4 36. a3 Nc2 37. a4 Nd4 38. Ke3 Ne6 39. Ra7 Nxa4 40. Ra6+ Nb6 41. Rxb6+ Ke5 42. Ra6 Kf6 43. Rxa5 Nc7 44. Ke4 Ne6 45. Ra6 Kf7 46. Ke5 Nc5 47. Ra7+ Kg6 48. Rc7 Nd3+ 49. Kd4 Nf2 50. Rc2 Ng4 51. Ke4 Nf6+ 52. Ke5 Ng4+ 53. Ke6 Ne3 54. Re2 Ng4 55. h3 Nh6 56. g4 Nf7 57. Rf2 Nd8+ 58. Kd7 Nf7 59. Ke7 Ne5 60. Rf6+ Kg7 61. Rf5 Ng6+ 62. Ke6 Kh6 63. Kf6 Nf4 64. Rxg5 Nxh3 65. Rh5# 1-0


[Site "https://www.chess.com"]

[Event "Titled Tuesday Blitz September 27 Early 2022"]
[White "Rose, Felix"]
[Black "Martin, Lewis"]
[WhiteFideId "5105722"]
[BlackFideId "410551"]
[WhiteElo "2039"]
[BlackElo "2145"]
[Result "1-0"]
[Round "05"]
[TimeControl "180+1"]
[Date "2022.09.27"]
[WhiteClock "0:00:10"]
[BlackClock "0:00:06"]

1. e4 c5 2. Nf3 d6 3. d4 cxd4 4. Nxd4 Nf6 5. Nc3 a6 6. Be3 e5 7. Nb3 Be7 8. f3 Be6 9. Qd2 O-O 10. O-O-O Nc6 11. Nd5 Bxd5 12. exd5 Nb8 13. g4 b5 14. Kb1 Nfd7 15. h4 Nb6 16. Na5 Re8 17. g5 Qc7 18. h5 N8d7 19. Nc6 Bf8 20. Bh3 Rac8 21. Bxb6 Nxb6 22. Bxc8 Rxc8 23. g6 f5 24. h6 hxg6 25. h7+ Kh8 26. Rh2 Qf7 27. b3 Nxd5 28. Qxd5 Qxd5 29. Rxd5 Rxc6 30. Kb2 g5 31. Rh5 g6 32. Rh1 Be7 33. Rd3 Rc8 34. Rc3 Rf8 35. Rc7 Bd8 36. Rd7 Bf6 37. Rxd6 e4+ 38. Kc1 exf3 39. Kd2 g4 40. Ke3 Bg5+ 41. Kf2 Bf4 42. Rxg6 Re8 43. Rg8+ Rxg8 44. hxg8=Q+ Kxg8 45. Rh5 g3+ 46. Kxf3 Bc7 47. Rxf5 Kg7 48. c4 bxc4 49. bxc4 Kg6 50. Rf8 Bd6 51. Ra8 Bc5 52. Rxa6+ 1-0


[Site "https://www.chess.com"]

[Event "Titled Tuesday Blitz September 27 Early 2022"]
[White "Rosen, Eric"]
[Black "Aakanksha Hagawane"]
[WhiteFideId "2032562"]
[BlackFideId "25014510"]
[WhiteElo "2362"]
[BlackElo "1971"]
[Result "1-0"]
[Round "05"]
[TimeControl "180+1"]
[Date "2022.09.27"]
[WhiteClock "0:00:06"]
[BlackClock "0:00:19"]

1. d4 Nf6 2. Bf4 c5 3. e3 b6 4. Qf3 Nc6 5. c3 e6 6. h4 Bb7 7. h5 Be7 8. Nd2 d6 9. Bb5 Rc8 10. Qg3 O-O 11. Bh6 Ne8 12. Bxg7 Nxg7 13. h6 Bf6 14. Ne4 e5 15. d5 Na5 16. O-O-O Kh8 17. Bd7 Qxd7 18. Nxf6 Nf5 19. Qh3 1-0


[Site "https://www.chess.com"]

[Event "Titled Tuesday Blitz September 27 Early 2022"]
[White "Rosenberg, Evan S"]
[Black "Shivika, Rohilla"]
[WhiteFideId "2019299"]
[BlackFideId "45015414"]
[WhiteElo "2361"]
[BlackElo "1605"]
[Result "1-0"]
[Round "05"]
[TimeControl "180+1"]
[Date "2022.09.27"]
[WhiteClock "0:00:48"]
[BlackClock "0:00:17"]

1. e4 e5 2. Bc4 Nf6 3. d3 c6 4. Nf3 d5 5. exd5 cxd5 6. Bb5+ Bd7 7. Bxd7+ Nbxd7 8. O-O Bd6 9. Bg5 O-O 10. Nc3 h6 11. Bh4 Qb6 12. Rb1 Rfe8 13. Re1 Rac8 14. a4 Bb4 15. Bxf6 Nxf6 16. Rxe5 Rxe5 17. Nxe5 Qc7 18. d4 Bxc3 19. bxc3 Qxc3 20. Rxb7 Qxc2 21. Qxc2 Rxc2 22. f3 Rd2 23. Rxf7 Rxd4 24. Rxa7 Rb4 25. a5 d4 26. a6 Ra4 27. Ra8+ Kh7 28. a7 Nd5 29. Rd8 Nc7 30. Nc6 Nb5 31. a8=Q Rxa8 32. Rxa8 d3 33. Rd8 d2 34. Rxd2 Nc3 1-0


[Site "https://www.chess.com"]

[Event "Titled Tuesday Blitz September 27 Early 2022"]
[White "Spalir, Monika"]
[Black "Eynullayev, Atilla"]
[WhiteFideId "14609118"]
[BlackFideId "13413570"]
[WhiteElo "2032"]
[BlackElo "1936"]
[Result "0-1"]
[Round "05"]
[TimeControl "180+1"]
[Date "2022.09.27"]
[WhiteClock "0:00:03"]
[BlackClock "0:00:35"]

1. d4 Nf6 2. c4 e6 3. Nf3 d5 4. Nc3 c5 5. cxd5 cxd4 6. Nxd4 Nxd5 7. e4 Nxc3 8. bxc3 Be7 9. Be2 O-O 10. O-O b6 11. Bf3 Bb7 12. e5 Qc8 13. Bf4 Nd7 14. Rc1 Ba3 15. Rc2 Be7 16. Re1 Rd8 17. Bxb7 Qxb7 18. Qg4 Nf8 19. h4 Rac8 20. Rcc1 Ba3 21. Rcd1 Rxc3 22. h5 Rc4 23. Bh6 g6 24. Qf4 Be7 25. Re3 Qc7 26. Rf3 f5 27. Bxf8 Bxf8 28. hxg6 hxg6 29. Rh3 Bg7 30. Rhd3 Qxe5 31. Qf3 Rcxd4 32. Rxd4 Rxd4 33. Rxd4 Qxd4 34. Qa8+ Kh7 35. g3 Qd5 36. Qxa7 e5 37. g4 fxg4 38. Qe7 Qd1+ 39. Kg2 Qf3+ 40. Kf1 Qf6 41. Qc7 e4 42. Qc4 g3 43. Kg2 Qxf2+ 44. Kh3 Qh2+ 45. Kg4 g2 0-1


[Site "https://www.chess.com"]

[Event "Titled Tuesday Blitz September 27 Early 2022"]
[White "Runets, Ivan"]
[Black "Sailer, Mike"]
[WhiteFideId "13511564"]
[BlackFideId "2012901"]
[WhiteElo "1962"]
[BlackElo "2109"]
[Result "1-0"]
[Round "05"]
[TimeControl "180+1"]
[Date "2022.09.27"]
[WhiteClock "0:01:41"]
[BlackClock "0:00:16"]

1. d4 d5 2. c4 Bf5 3. Nc3 e6 4. Qb3 Nc6 5. cxd5 exd5 6. Be3 Bb4 7. Nf3 Nf6 8. Bg5 O-O 9. e3 Qd6 10. Be2 Ne4 11. Bf4 Qg6 12. Nh4 Qf6 13. Nxf5 Qxf5 14. O-O Bxc3 15. bxc3 Nd2 16. Qxb7 Na5 17. Qxc7 Nxf1 18. Qxa5 Nd2 19. c4 Rfd8 20. Qxd2 1-0


[Site "https://www.chess.com"]